ADL
WEST ADELAIDE BLOODS @ PORT ADELAIDE POWER
08/17/2022
 
TOP OF THE 1ST
West Adelaide Bloods batting - Pitching for Port Adelaide Power : RHP Gaby Gratton
Pitching: RHP Gaby Gratton
Batting: RHB Mick Westaby 0-0: Swinging Strike
0-1: Ball
1-1: DOUBLE (Groundball, 5L, EV 103.8 MPH)
Batting: LHB Jason Wright 0-0: Called Strike
0-1: Ball
1-1: Swinging Strike
1-2: Ball
2-2: Ball
3-2: Base on Balls
Batting: LHB Lyn Ainsworth 0-0: Called Strike
0-1: Ball
1-1: Ball
2-1: DOUBLE (Flyball, 89D, EV 104.4 MPH)
Mick Westaby scores
Jason Wright to third
Batting: RHB Zach Richards 0-0: Ball
1-0: DOUBLE (Groundball, 5L, EV 109.4 MPH)
Jason Wright scores
Lyn Ainsworth scores
Batting: RHB Frank Clamp 0-0: Fly out, F8 (Flyball, 8LD, EV 79.4 MPH)
Batting: SHB John Holloway 0-0: Called Strike
0-1: Foul Ball, location: 2F
0-2: Foul Ball, location: 23F
0-2: Strikes out looking
Batting: RHB Kevin Stockill 0-0: Called Strike
0-1: Fly out, F6 (Popup, 6M, EV 48.8 MPH)
Top of the 1st over - 3 runs, 3 hits, 0 errors, 1 left on base; West Adelaide 3 - Port Adelaide 0
BOTTOM OF THE 1ST
Port Adelaide Power batting - Pitching for West Adelaide Bloods : RHP David Goodchild
Pitching: RHP David Goodchild
Batting: RHB Ivan McCormick 0-0: Ball
1-0: Swinging Strike
1-1: Swinging Strike
1-2: Strikes out swinging
Batting: RHB Willie Bridgman 0-0: Ball
1-0: Foul Ball, location: 2LF
1-1: Ball
2-1: Foul Ball, location: 2F
2-2: Foul Ball, location: 3DF
2-2: DOUBLE (Line Drive, 78XD, EV 106.9 MPH)
Batting: RHB Kelvin Slater 0-0: Ball
1-0: Foul Ball, location: 9LSF
1-1: Foul Ball, location: 9LDF
1-2: Hit by Pitch
Batting: RHB Gabriel Grove 0-0: Ball
1-0: Ball
2-0: Foul Ball, location: 7LSF
2-1: Fielders Choice at 2nd, 1-6 (Groundball, 34S, EV 65.6 MPH)
Willie Bridgman to third
Batting: RHB Matt McMahon 0-0: Ball
1-0: Fly out, F8 (Flyball, 8RD, EV 96.3 MPH)
Bottom of the 1st over - 0 runs, 1 hit, 0 errors, 2 left on base; West Adelaide 3 - Port Adelaide 0
TOP OF THE 2ND
West Adelaide Bloods batting - Pitching for Port Adelaide Power : RHP Gaby Gratton
Batting: LHB Brad Limby 0-0: Foul Ball, location: 2F
0-1: Fly out, F6 (Popup, 4M, EV 70.6 MPH)
Batting: RHB Chet Woodhams 0-0: Swinging Strike
0-1: Ball
1-1: Fly out, F9 (Flyball, 9, EV 86.3 MPH)
Batting: RHB Mick Westaby 0-0: Called Strike
0-1: Called Strike
0-2: Foul Ball, location: 2F
0-2: Ball
1-2: Foul Ball, location: 9LDF
1-2: Foul Ball, location: 2F
1-2: Ball
2-2: Ball
3-2: Ground out 5-3 (Groundball, 56, EV 106.3 MPH)
Top of the 2nd over - 0 runs, 0 hits, 0 errors, 0 left on base; West Adelaide 3 - Port Adelaide 0
BOTTOM OF THE 2ND
Port Adelaide Power batting - Pitching for West Adelaide Bloods : RHP David Goodchild
Batting: RHB Johnny Hammersley 0-0: Called Strike
0-1: Ball
1-1: Foul Ball, location: 2F
1-2: Strikes out swinging
Batting: RHB Ed Clift 0-0: Called Strike
0-1: Fly out, F8 (Flyball, 89M, EV 98.1 MPH)
Batting: RHB Laird Halloway 0-0: Called Strike
0-1: Foul Ball, location: 3SF
0-2: Fly out, F8 (Flyball, 8RD, EV 92.5 MPH)
Bottom of the 2nd over - 0 runs, 0 hits, 0 errors, 0 left on base; West Adelaide 3 - Port Adelaide 0
TOP OF THE 3RD
West Adelaide Bloods batting - Pitching for Port Adelaide Power : RHP Gaby Gratton
Batting: LHB Jason Wright 0-0: DOUBLE (Line Drive, 7LM, EV 110.6 MPH)
Batting: LHB Lyn Ainsworth 0-0: Fly out, F7 (Flyball, 7S, EV 80.0 MPH)
Batting: RHB Zach Richards 0-0: Ball
1-0: Called Strike
1-1: Ball
2-1: SINGLE (Groundball, 4D, EV 95.0 MPH)
Jason Wright to third
Throwing error, E8
Jason Wright scores
Zach Richards to second
Batting: RHB Frank Clamp 0-0: Called Strike
0-1: Ground out 6-3 (Groundball, 56, EV 72.5 MPH)
Batting: SHB John Holloway 0-0: Swinging Strike
0-1: Ball
1-1: Ball
2-1: Foul Ball, location: 2F
2-2: Strikes out looking
Top of the 3rd over - 1 run, 2 hits, 1 error, 1 left on base; West Adelaide 4 - Port Adelaide 0
BOTTOM OF THE 3RD
Port Adelaide Power batting - Pitching for West Adelaide Bloods : RHP David Goodchild
Batting: LHB Brad Housley 0-0: Ball
1-0: Ground out 5-3 (Groundball, 5L, EV 90.0 MPH)
Batting: RHB Ivan McCormick 0-0: Foul Ball, location: 9LMF
0-1: SINGLE (Groundball, 34D, EV 105.0 MPH)
Batting: RHB Willie Bridgman 0-0: Called Strike
0-1: Foul Ball, location: 2F
0-2: Foul Ball, location: 2F
0-2: Strikes out swinging
Batting: RHB Kelvin Slater 0-0: Ball
Ivan McCormick steals 2nd base
1-0: DOUBLE (Groundball, 5L, EV 106.9 MPH)
Ivan McCormick scores
Batting: RHB Gabriel Grove 0-0: Ball
1-0: Ball
2-0: Swinging Strike
2-1: Swinging Strike
2-2: Ball
3-2: Foul Ball, location: 2F
3-2: Foul Ball, location: 5DF
3-2: Ground out 5-3 (Groundball, 56, EV 100.0 MPH)
Bottom of the 3rd over - 1 run, 2 hits, 0 errors, 1 left on base; West Adelaide 4 - Port Adelaide 1
TOP OF THE 4TH
West Adelaide Bloods batting - Pitching for Port Adelaide Power : RHP Gaby Gratton
Batting: RHB Kevin Stockill 0-0: Ball
1-0: Called Strike
1-1: Ball
2-1: Foul Ball, location: 3FF
2-2: Strikes out swinging
Batting: LHB Brad Limby 0-0: Ball
1-0: Fly out, F1 (Popup, 15, EV 84.4 MPH)
Batting: RHB Chet Woodhams 0-0: Fly out, F9 (Flyball, 9, EV 83.8 MPH)
Top of the 4th over - 0 runs, 0 hits, 0 errors, 0 left on base; West Adelaide 4 - Port Adelaide 1
BOTTOM OF THE 4TH
Port Adelaide Power batting - Pitching for West Adelaide Bloods : RHP David Goodchild
Batting: RHB Matt McMahon 0-0: Ball
1-0: Fly out, F8 (Flyball, 8LS, EV 84.4 MPH)
Batting: RHB Johnny Hammersley 0-0: Called Strike
0-1: Ball
1-1: Ground out 6-3 (Groundball, 6, EV 82.5 MPH)
Batting: RHB Ed Clift 0-0: Ball
1-0: Ball
2-0: Ground out 5-3 (Groundball, 56, EV 101.3 MPH)
Bottom of the 4th over - 0 runs, 0 hits, 0 errors, 0 left on base; West Adelaide 4 - Port Adelaide 1
TOP OF THE 5TH
West Adelaide Bloods batting - Pitching for Port Adelaide Power : RHP Gaby Gratton
Batting: RHB Mick Westaby 0-0: Swinging Strike
0-1: Ball
1-1: Ball
2-1: Foul Ball, location: 2F
2-2: Ball
3-2: Base on Balls
Batting: LHB Jason Wright 0-0: Ball
1-0: Called Strike
1-1: Foul Ball, location: 2F
1-2: Fielders Choice at 2nd, 3-6 (Groundball, 3, EV 80.0 MPH)
Batting: LHB Lyn Ainsworth 0-0: Called Strike
Jason Wright steals 2nd base
0-1: Ball
1-1: Foul Ball, location: 3F
1-2: Ball
2-2: Ball
3-2: Base on Balls
Batting: RHB Zach Richards 0-0: Ball
1-0: Ball
Jason Wright steals 3rd base
2-0: Grounds into double play, 4-6-3 (Groundball, 4, EV 80.6 MPH)
Top of the 5th over - 0 runs, 0 hits, 0 errors, 1 left on base; West Adelaide 4 - Port Adelaide 1
BOTTOM OF THE 5TH
Port Adelaide Power batting - Pitching for West Adelaide Bloods : RHP David Goodchild
Batting: RHB Laird Halloway 0-0: Called Strike
0-1: Swinging Strike
0-2: Ball
1-2: Ball
2-2: Strikes out swinging
Batting: LHB Brad Housley 0-0: Called Strike
0-1: Foul Ball, location: 2LF
0-2: Hit by Pitch
Batting: RHB Ivan McCormick 0-0: Ball
Brad Housley steals 2nd base
1-0: Ball
2-0: Fly out, F9 (Flyball, 9S, EV 88.8 MPH)
Batting: RHB Willie Bridgman 0-0: Ball
1-0: Fly out, F9 (Flyball, 9LSF, EV 86.3 MPH)
Bottom of the 5th over - 0 runs, 0 hits, 0 errors, 1 left on base; West Adelaide 4 - Port Adelaide 1
TOP OF THE 6TH
West Adelaide Bloods batting - Pitching for Port Adelaide Power : RHP Gaby Gratton
Batting: RHB Frank Clamp 0-0: Ball
1-0: Ball
2-0: Called Strike
2-1: Ball
3-1: Base on Balls
Batting: SHB John Holloway 0-0: Swinging Strike
0-1: Grounds into double play, 4-6-3 (Groundball, 34D, EV 91.9 MPH)
Batting: RHB Kevin Stockill 0-0: Ball
1-0: Called Strike
1-1: Foul Ball, location: 3SF
1-2: Hit by Pitch
Batting: LHB Brad Limby 0-0: Ball
1-0: Foul Ball, location: 3FF
1-1: Ball
2-1: Foul Ball, location: 7LDF
2-2: Foul Ball, location: 7LDF
2-2: Ball
3-2: Hit by Pitch
Kevin Stockill to second
Batting: RHB Chet Woodhams 0-0: Fielders Choice at 2nd, U4 (Groundball, 4M, EV 104.4 MPH)
Top of the 6th over - 0 runs, 0 hits, 0 errors, 2 left on base; West Adelaide 4 - Port Adelaide 1
BOTTOM OF THE 6TH
Port Adelaide Power batting - Pitching for West Adelaide Bloods : RHP David Goodchild
Batting: RHB Kelvin Slater 0-0: DOUBLE (Line Drive, 5D, EV 96.3 MPH)
Batting: RHB Gabriel Grove 0-0: Called Strike
0-1: Called Strike
0-2: Ball
1-2: Ball
2-2: Strikes out looking
Batting: RHB Matt McMahon 0-0: Ball
1-0: Foul Ball, location: 9LMF
1-1: Fly out, F9 (Flyball, 8RM, EV 88.1 MPH)
Batting: RHB Johnny Hammersley 0-0: Called Strike
0-1: Ball
Wild Pitch!
Kelvin Slater to third
1-1: Called Strike
1-2: Ball
2-2: Ball
3-2: Foul Ball, location: 2F
3-2: Base on Balls
Pitching: RHP Eric Cabot
Pinch Hitting: RHB Rupert Cawsey 0-0: Called Strike
0-1: Ball
1-1: Called Strike
1-2: Ball
2-2: Ball
3-2: Foul Ball, location: 5F
3-2: Foul Ball, location: 9LDF
3-2: Ground out U3 (Groundball, 34S, EV 79.4 MPH)
Bottom of the 6th over - 0 runs, 1 hit, 0 errors, 2 left on base; West Adelaide 4 - Port Adelaide 1
TOP OF THE 7TH
West Adelaide Bloods batting - Pitching for Port Adelaide Power : RHP Gaby Gratton
Now at 3B: Ron Midgley
Batting: RHB Mick Westaby 0-0: Foul Ball, location: 9LMF
0-1: Foul Ball, location: 2F
0-2: Ball
1-2: Strikes out swinging
Pitching: LHP Colton Kilroy
Pinch Hitting: RHB Ian Quigley 0-0: Ground out 5-3 (Groundball, 56, EV 86.3 MPH)
Batting: LHB Lyn Ainsworth 0-0: SINGLE (Groundball, 13S, EV 61.3 MPH) (infield hit)
Batting: RHB Zach Richards 0-0: SINGLE (Groundball, 4MD, EV 100.6 MPH)
Lyn Ainsworth to second
Runner from 2nd tries for 3rd, OUT! 8-5
Top of the 7th over - 0 runs, 2 hits, 0 errors, 1 left on base; West Adelaide 4 - Port Adelaide 1
BOTTOM OF THE 7TH
Port Adelaide Power batting - Pitching for West Adelaide Bloods : RHP Eric Cabot
Now in CF: Ian Quigley
Batting: RHB Laird Halloway 0-0: Foul Ball, location: 25F
0-1: Foul Ball, location: 2F
0-2: Ball
1-2: Foul Ball, location: 2F
1-2: Fly out, F8 (Line Drive, 8LM, EV 105.6 MPH)
Batting: LHB Brad Housley 0-0: SINGLE (Groundball, 34D, EV 100.6 MPH)
Batting: RHB Ivan McCormick 0-0: Ball
1-0: Ball
2-0: Foul Ball, location: 23FF
2-1: Foul Ball, location: 9LMF
2-2: Strikes out looking
Batting: RHB Willie Bridgman 0-0: Ball
1-0: Ball
2-0: Foul Ball, location: 3DF
2-1: Fly out, F9 (Line Drive, 9, EV 90.0 MPH)
Bottom of the 7th over - 0 runs, 1 hit, 0 errors, 1 left on base; West Adelaide 4 - Port Adelaide 1
TOP OF THE 8TH
West Adelaide Bloods batting - Pitching for Port Adelaide Power : LHP Colton Kilroy
Batting: RHB Frank Clamp 0-0: Foul Ball, location: 2F
0-1: Foul Ball, location: 9LDF
0-2: Strikes out swinging
Batting: SHB John Holloway 0-0: Called Strike
0-1: Foul Ball, location: 2F
0-2: Ball
1-2: Ball
2-2: Ball
3-2: Ground out U3 (Groundball, 34S, EV 76.3 MPH)
Batting: RHB Kevin Stockill 0-0: Ball
1-0: Swinging Strike
1-1: Foul Ball, location: 5SF
1-2: Ball
2-2: Ball
3-2: Fly out, F8 (Flyball, 89M, EV 80.6 MPH)
Top of the 8th over - 0 runs, 0 hits, 0 errors, 0 left on base; West Adelaide 4 - Port Adelaide 1
BOTTOM OF THE 8TH
Port Adelaide Power batting - Pitching for West Adelaide Bloods : RHP Eric Cabot
Batting: RHB Kelvin Slater 0-0: Called Strike
0-1: Swinging Strike
0-2: Strikes out swinging
Batting: RHB Gabriel Grove 0-0: Ball
1-0: Swinging Strike
1-1: Foul Ball, location: 9LMF
1-2: Ball
2-2: Foul Ball, location: 25FF
2-2: Foul Ball, location: 25FF
2-2: Foul Ball, location: 2F
2-2: Ball
3-2: Base on Balls
Batting: RHB Matt McMahon 0-0: Called Strike
0-1: Fly out, F6 (Popup, 15, EV 78.1 MPH)
Batting: LHB Elvin Antell 0-0: Ball
1-0: Ball
2-0: DOUBLE (Groundball, 3L, EV 101.3 MPH)
Gabriel Grove to third
Batting: LHB Ron Midgley 0-0: Called Strike
0-1: Ball
1-1: Ball
2-1: Ball
3-1: Base on Balls
Batting: RHB Laird Halloway 0-0: Called Strike
0-1: Foul Ball, location: 2F
0-2: Ball
1-2: Strikes out swinging
Bottom of the 8th over - 0 runs, 1 hit, 0 errors, 3 left on base; West Adelaide 4 - Port Adelaide 1
TOP OF THE 9TH
West Adelaide Bloods batting - Pitching for Port Adelaide Power : LHP Colton Kilroy
Pitching: LHP Norm Kingston
Batting: LHB Brad Limby 0-0: Called Strike
0-1: Swinging Strike
0-2: Ball
1-2: Ball
2-2: Strikes out swinging
Pinch Hitting: RHB Jeff Wintle 0-0: Ground out U3 (Groundball, 34, EV 96.3 MPH)
Batting: RHB Mick Westaby 0-0: Foul Ball, location: 25FF
0-1: Ball
1-1: Foul Ball, location: 2F
1-2: Foul Ball, location: 2F
1-2: Ball
2-2: Foul Ball, location: 2F
2-2: DOUBLE (Flyball, 78XD, EV 93.1 MPH)
Batting: RHB Ian Quigley 0-0: Ball
1-0: Ball
2-0: Foul Ball, location: 5F
2-1: Ball
3-1: SINGLE (Line Drive, 4D, EV 63.8 MPH)
Mick Westaby to third
Runner from 3rd tries for Home, SAFE, throw by RF to home
Batting: LHB Lyn Ainsworth 0-0: Foul Ball, location: 2F
0-1: Called Strike
0-2: Ball
1-2: Ball
2-2: Fly out, F3 (Popup, 3SF, EV 83.8 MPH)
Top of the 9th over - 1 run, 2 hits, 0 errors, 1 left on base; West Adelaide 5 - Port Adelaide 1
BOTTOM OF THE 9TH
Port Adelaide Power batting - Pitching for West Adelaide Bloods : RHP Eric Cabot
Pitching: RHP Jarrad Plum
Now at SS: Josh Wilfred
Pinch Hitting: RHB John Ayles 0-0: Called Strike
0-1: Ball
1-1: Ball
2-1: Foul Ball, location: 2F
2-2: Strikes out looking
Pinch Hitting: LHB Alistair Nicolau 0-0: Called Strike
0-1: Ball
1-1: Foul Ball, location: 25F
1-2: Ball
2-2: Foul Ball, location: 7LSF
2-2: Foul Ball, location: 2F
2-2: Ball
3-2: Ground out 5-3 (Groundball, 5, EV 86.9 MPH)
Batting: RHB Willie Bridgman 0-0: Ball
1-0: Called Strike
1-1: Foul Ball, location: 2F
1-2: Strikes out looking
Bottom of the 9th over - 0 runs, 0 hits, 0 errors, 0 left on base; West Adelaide 5 - Port Adelaide 1
Monday, May 6th , 2024 - OOTP Baseball 24.9 Build 80